PIO (24 & UNDER)
JASPER COUGARS @ SURREY SINNERS
10/07/2025
 
TOP OF THE 1ST
Jasper Cougars batting - Pitching for Surrey Sinners : RHP Luis Ramírez
Pitching: RHP Luis Ramírez
Batting: LHB John Stone 0-0: Foul Ball, location: 2F
0-1: Swinging Strike
0-2: Ball
1-2: Ball
2-2: Foul Ball, location: 2F
2-2: SINGLE (Groundball, 15) (infield hit)
Batting: LHB António Camacho 0-0: Foul Ball, location: 2F
0-1: Foul Ball, location: 2F
0-2: Ball
1-2: Strikes out looking
Batting: RHB Neil Weeks 0-0: Ball
1-0: Swinging Strike
1-1: Ball
2-1: Ball
3-1: Foul Ball, location: 2F
3-2: Strikes out swinging
Batting: RHB George Reeves 0-0: Ball
1-0: Called Strike
1-1: Ground out 5-3 (Groundball, 5S)
Top of the 1st over - 0 run(s), 1 hit(s), 0 error(s), 1 left on base; Jasper 0 - Surrey 0
BOTTOM OF THE 1ST
Surrey Sinners batting - Pitching for Jasper Cougars : RHP A.J. Wellman
Pitching: RHP A.J. Wellman
Batting: RHB Clarence Harrison 0-0: Ball
1-0: Ball
2-0: Ball
3-0: Called Strike
3-1: Swinging Strike
3-2: Base on Balls
Batting: RHB Jesús Lara 0-0: Fly out, F6 (Popup, 6D)
Batting: RHB Víctor Arredondo 0-0: Ball
1-0: Grounds into double play, 6-4-3 (Groundball, 6)
Bottom of the 1st over - 0 run(s), 0 hit(s), 0 error(s), 0 left on base; Jasper 0 - Surrey 0
TOP OF THE 2ND
Jasper Cougars batting - Pitching for Surrey Sinners : RHP Luis Ramírez
Batting: RHB David Hernández 0-0: Called Strike
0-1: Ball
1-1: Ball
2-1: SOLO HOME RUN (Flyball, 78XD), Distance : 417 ft
Batting: LHB Kyle Harrison 0-0: Called Strike
0-1: Swinging Strike
0-2: Ball
1-2: Strikes out swinging, 2-3 out at first.
Batting: LHB Jon Scott 0-0: Called Strike
0-1: Fly out, F8 (Flyball, 8RXD)
Batting: SHB Rafael Acosta 0-0: Ball
1-0: Ball
2-0: Called Strike
2-1: Ball
3-1: Foul Ball, location: 2F
3-2: Strikes out looking
Top of the 2nd over - 1 run(s), 1 hit(s), 0 error(s), 0 left on base; Jasper 1 - Surrey 0
BOTTOM OF THE 2ND
Surrey Sinners batting - Pitching for Jasper Cougars : RHP A.J. Wellman
Batting: RHB Marcos Liñares 0-0: Called Strike
0-1: Foul Ball, location: 2F
0-2: Hit by Pitch
Batting: RHB Ramón Molina 0-0: Called Strike
0-1: Ball
1-1: Ball
2-1: Fly out, F7 (Flyball, 7M)
Batting: RHB Cooper Richard 0-0: Foul Ball, location: 2F
0-1: Ball
1-1: Ball
2-1: Ball
3-1: Base on Balls
Marcos Liñares to second
Batting: RHB Augusto Trevino 0-0: Foul Ball, location: 2F
0-1: Called Strike
0-2: Ball
1-2: Ball
2-2: SINGLE (Line Drive, 78S)
Marcos Liñares to third
Cooper Richard to second
Runner from 3rd tries for Home, SAFE, no throw or cutoff
Batting: RHB Félix Castro 0-0: Ball
Cooper Richard steals 3rd base
Augusto Trevino to second
1-0: Called Strike
1-1: Ground out 4-3 (Groundball, 4)
Cooper Richard scores
Augusto Trevino to third
Batting: RHB Shawn Gutiérrez 0-0: Foul Ball, location: 2F
0-1: Foul Ball, location: 2F
0-2: Fly out, F7 (Line Drive, 7D)
Bottom of the 2nd over - 2 run(s), 1 hit(s), 0 error(s), 1 left on base; Jasper 1 - Surrey 2
TOP OF THE 3RD
Jasper Cougars batting - Pitching for Surrey Sinners : RHP Luis Ramírez
Batting: RHB Mason Thompson 0-0: Ball
1-0: Ball
2-0: Ball
3-0: Foul Ball, location: 2F
3-1: Base on Balls
Batting: LHB John Stone 0-0: Ball
1-0: Fly out, F7 (Flyball, 78M)
Batting: LHB António Camacho 0-0: Ball
1-0: Ball
2-0: Ball
3-0: Base on Balls
Mason Thompson to second
Batting: RHB Neil Weeks 0-0: Ball
1-0: Swinging Strike
1-1: Called Strike
1-2: Fielders Choice at 2nd, 2-6 (Groundball, 2R)
Mason Thompson to third
Batting: RHB George Reeves 0-0: SINGLE (Flyball, 7LM)
Mason Thompson scores
Neil Weeks to second
Batting: RHB David Hernández 0-0: Called Strike
0-1: Ball
1-1: Ground out 5-3 (Groundball, 56S)
Top of the 3rd over - 1 run(s), 1 hit(s), 0 error(s), 2 left on base; Jasper 2 - Surrey 2
BOTTOM OF THE 3RD
Surrey Sinners batting - Pitching for Jasper Cougars : RHP A.J. Wellman
Batting: RHB Clarence Harrison 0-0: Ball
1-0: Called Strike
1-1: Ball
2-1: Foul Ball, location: 2F
2-2: Strikes out swinging
Batting: RHB Jesús Lara 0-0: Ball
1-0: Ball
2-0: Ball
3-0: Called Strike
3-1: Base on Balls
Batting: RHB Víctor Arredondo 0-0: Called Strike
0-1: Swinging Strike
0-2: Ball
1-2: Ball
2-2: Foul Ball, location: 2F
2-2: Fielders Choice at 2nd, 6-4 (Groundball, 6)
Batting: RHB Marcos Liñares 0-0: Ball
1-0: Swinging Strike
1-1: Called Strike
1-2: Ball
2-2: Strikes out looking
Bottom of the 3rd over - 0 run(s), 0 hit(s), 0 error(s), 1 left on base; Jasper 2 - Surrey 2
TOP OF THE 4TH
Jasper Cougars batting - Pitching for Surrey Sinners : RHP Luis Ramírez
Batting: LHB Kyle Harrison 0-0: Foul Ball, location: 2F
0-1: Foul Ball, location: 2F
0-2: Ball
1-2: Ball
2-2: Foul Ball, location: 2F
2-2: Foul Ball, location: 2F
2-2: Foul Ball, location: 2F
2-2: Ball
3-2: Foul Ball, location: 2F
3-2: Fly out, F8 (Flyball, 8RM)
Batting: LHB Jon Scott 0-0: Called Strike
0-1: Ball
1-1: DOUBLE (Line Drive, 7LS)
Batting: SHB Rafael Acosta 0-0: Ball
1-0: Swinging Strike
1-1: Called Strike
1-2: Strikes out swinging
Batting: RHB Mason Thompson 0-0: Foul Ball, location: 2F
0-1: Called Strike
0-2: Ball
1-2: Fly out, F7 (Flyball, 7M)
Top of the 4th over - 0 run(s), 1 hit(s), 0 error(s), 1 left on base; Jasper 2 - Surrey 2
BOTTOM OF THE 4TH
Surrey Sinners batting - Pitching for Jasper Cougars : RHP A.J. Wellman
Batting: RHB Ramón Molina 0-0: Ball
1-0: Ball
2-0: SINGLE (Groundball, 6MD)
Batting: RHB Cooper Richard 0-0: Foul Ball, location: 2F
0-1: Ball
1-1: Ball
2-1: Ball
3-1: Called Strike
3-2: Foul Ball, location: 2F
3-2: Base on Balls
Ramón Molina to second
Batting: RHB Augusto Trevino 0-0: Ball
1-0: Called Strike
1-1: Foul Ball, location: 2F
1-2: SINGLE (Line Drive, 9LM)
Ramón Molina to third
Cooper Richard to second
Runner from 3rd tries for Home, SAFE, throw made at trailing runner, SAFE at third!
Batting: RHB Félix Castro 0-0: Ball
1-0: Foul Ball, location: 2F
1-1: Ball
2-1: Called Strike
2-2: Strikes out looking
Batting: RHB Shawn Gutiérrez 0-0: Ball
1-0: SINGLE (Line Drive, 78S)
Cooper Richard scores
Augusto Trevino to second
Batting: RHB Clarence Harrison 0-0: Called Strike
0-1: Foul Ball, location: 2F
0-2: Ball
1-2: Strikes out swinging
Batting: RHB Jesús Lara 0-0: Ball
1-0: Ball
2-0: Called Strike
2-1: Called Strike
2-2: Foul Ball, location: 2F
2-2: Foul Ball, location: 2F
2-2: Foul Ball, location: 2F
2-2: Strikes out looking
Bottom of the 4th over - 2 run(s), 3 hit(s), 0 error(s), 2 left on base; Jasper 2 - Surrey 4
TOP OF THE 5TH
Jasper Cougars batting - Pitching for Surrey Sinners : RHP Luis Ramírez
Batting: LHB John Stone 0-0: Ball
1-0: Called Strike
1-1: Ball
2-1: Fly out, F7 (Flyball, 7LMF)
Batting: LHB António Camacho 0-0: Ground out 6-3 (Groundball, 6M)
Batting: RHB Neil Weeks 0-0: Swinging Strike
0-1: Foul Ball, location: 2F
0-2: Foul Ball, location: 2F
0-2: Ball
1-2: Strikes out swinging
Top of the 5th over - 0 run(s), 0 hit(s), 0 error(s), 0 left on base; Jasper 2 - Surrey 4
BOTTOM OF THE 5TH
Surrey Sinners batting - Pitching for Jasper Cougars : RHP A.J. Wellman
Pitching: LHP Alberto Guerra
Batting: RHB Víctor Arredondo 0-0: Ball
1-0: Ball
2-0: Foul Ball, location: 2F
2-1: Foul Ball, location: 2F
2-2: SINGLE (Groundball, 56D)
Batting: RHB Marcos Liñares 0-0: Ball
1-0: Ball
2-0: Called Strike
2-1: Foul Ball, location: 2F
2-2: Ball
3-2: Base on Balls
Víctor Arredondo to second
Batting: RHB Ramón Molina 0-0: Called Strike
0-1: Ball
1-1: Ball
2-1: Ball
3-1: Called Strike
3-2: Base on Balls
Víctor Arredondo to third
Marcos Liñares to second
Batting: RHB Cooper Richard 0-0: SINGLE (Line Drive, 56)
Víctor Arredondo scores
Marcos Liñares to third
Ramón Molina to second
Batting: RHB Augusto Trevino 0-0: Ball
1-0: Swinging Strike
1-1: Swinging Strike
1-2: SINGLE (Groundball, 6)
Marcos Liñares scores
Ramón Molina to third
Cooper Richard to second
Batting: RHB Félix Castro 0-0: Called Strike
0-1: Fielders Choice at 2nd, 6-4 (Groundball, 6M)
Ramón Molina scores
Cooper Richard to third
Batting: RHB Shawn Gutiérrez 0-0: Called Strike
0-1: Grounds into double play, 5-4-3 (Groundball, 5L)
Bottom of the 5th over - 3 run(s), 3 hit(s), 0 error(s), 1 left on base; Jasper 2 - Surrey 7
TOP OF THE 6TH
Jasper Cougars batting - Pitching for Surrey Sinners : RHP Luis Ramírez
Pitching: RHP Robinson Flores
Batting: RHB George Reeves 0-0: Ball
1-0: Foul Ball, location: 2F
1-1: Called Strike
1-2: Foul Ball, location: 2F
1-2: Strikes out looking
Batting: RHB David Hernández 0-0: Ground out 4-3 (Groundball, 34)
Batting: LHB Kyle Harrison 0-0: Fly out, F7 (Flyball, 7M)
Top of the 6th over - 0 run(s), 0 hit(s), 0 error(s), 0 left on base; Jasper 2 - Surrey 7
BOTTOM OF THE 6TH
Surrey Sinners batting - Pitching for Jasper Cougars : LHP Alberto Guerra
Pitching: RHP Paul Turberville
Batting: RHB Clarence Harrison 0-0: Ball
1-0: Ground out 1-3 (Groundball, 25)
Batting: RHB Jesús Lara 0-0: Fly out, F8 (Flyball, 8RD)
Batting: RHB Víctor Arredondo 0-0: Called Strike
0-1: Swinging Strike
0-2: Foul Ball, location: 2F
0-2: Ball
1-2: Strikes out swinging
Bottom of the 6th over - 0 run(s), 0 hit(s), 0 error(s), 0 left on base; Jasper 2 - Surrey 7
TOP OF THE 7TH
Jasper Cougars batting - Pitching for Surrey Sinners : RHP Robinson Flores
Batting: LHB Jon Scott 0-0: Bunt for hit - play at first, batter OUT! 3-4
Batting: SHB Rafael Acosta 0-0: Called Strike
0-1: Called Strike
0-2: Ball
1-2: Ball
2-2: Ball
3-2: Strikes out swinging
Batting: RHB Mason Thompson 0-0: Called Strike
0-1: Foul Ball, location: 2F
0-2: Ball
1-2: Ball
2-2: Strikes out swinging
Top of the 7th over - 0 run(s), 0 hit(s), 0 error(s), 0 left on base; Jasper 2 - Surrey 7
BOTTOM OF THE 7TH
Surrey Sinners batting - Pitching for Jasper Cougars : RHP Paul Turberville
Batting: RHB Marcos Liñares 0-0: Called Strike
0-1: Foul Ball, location: 2F
0-2: Strikes out swinging
Batting: RHB Ramón Molina 0-0: Ball
1-0: Ball
2-0: Ball
3-0: Base on Balls
Batting: RHB Cooper Richard 0-0: Ground out 5-3 (Groundball, 5S)
Ramón Molina to second
Batting: RHB Augusto Trevino 0-0: Called Strike
0-1: Called Strike
0-2: Ball
1-2: Ball
2-2: Ball
3-2: Foul Ball, location: 2F
3-2: Base on Balls
Batting: RHB Félix Castro 0-0: Ball
1-0: Ball
2-0: Foul Ball, location: 2F
2-1: Swinging Strike
2-2: Ball
3-2: Base on Balls
Ramón Molina to third
Augusto Trevino to second
Batting: RHB Shawn Gutiérrez 0-0: Ball
1-0: Ball
2-0: Called Strike
2-1: Ball
3-1: Fly out, F9 (Flyball, 89M)
Bottom of the 7th over - 0 run(s), 0 hit(s), 0 error(s), 3 left on base; Jasper 2 - Surrey 7
TOP OF THE 8TH
Jasper Cougars batting - Pitching for Surrey Sinners : RHP Robinson Flores
Pitching: RHP Bob Martin
Now in CF: Daniel Santiago
Batting: LHB John Stone 0-0: Foul Ball, location: 2F
0-1: Ball
1-1: Ball
2-1: Ball
3-1: Foul Ball, location: 2F
3-2: Foul Ball, location: 2F
3-2: SINGLE (Line Drive, 8LS)
Batting: LHB António Camacho 0-0: Ball
1-0: SINGLE (Flyball, 8LS)
John Stone to second
Batting: RHB Neil Weeks 0-0: Called Strike
0-1: Called Strike
0-2: Strikes out looking
Batting: RHB George Reeves 0-0: Grounds into double play, 5-4-3 (Groundball, 5D)
Top of the 8th over - 0 run(s), 2 hit(s), 0 error(s), 1 left on base; Jasper 2 - Surrey 7
BOTTOM OF THE 8TH
Surrey Sinners batting - Pitching for Jasper Cougars : RHP Paul Turberville
Pitching: RHP Chris Schultz
Batting: RHB Clarence Harrison 0-0: Ball
1-0: Ball
2-0: Ball
3-0: Called Strike
3-1: Base on Balls
Batting: RHB Jesús Lara 0-0: SINGLE (Groundball, 6MD)
Clarence Harrison to second
Batting: RHB Víctor Arredondo 0-0: Foul Ball, location: 2F
0-1: Ball
1-1: Ball
2-1: Called Strike
2-2: Foul Ball, location: 2F
2-2: Fly out, F7 (Flyball, 78XD)
Runner from 2nd tags up, SAFE at 3rd, no throw
Batting: RHB Marcos Liñares 0-0: Ball
1-0: Foul Ball, location: 2F
1-1: SINGLE (Line Drive, 7S)
Clarence Harrison scores
Jesús Lara to second
Batting: RHB Ramón Molina 0-0: Ball
1-0: Called Strike
1-1: Foul Ball, location: 2F
1-2: Ball
2-2: Foul Ball, location: 2F
2-2: Foul Ball, location: 2F
2-2: Grounds into double play, 5-4-3 (Groundball, 56)
Bottom of the 8th over - 1 run(s), 2 hit(s), 0 error(s), 1 left on base; Jasper 2 - Surrey 8
TOP OF THE 9TH
Jasper Cougars batting - Pitching for Surrey Sinners : RHP Bob Martin
Batting: RHB David Hernández 0-0: DOUBLE (Line Drive, 5L)
Batting: LHB Kyle Harrison 0-0: Foul Ball, location: 2F
0-1: Swinging Strike
0-2: Ball
1-2: Ground out 4-3 (Groundball, 4)
David Hernández to third
Batting: LHB Jon Scott 0-0: Called Strike
0-1: Ball
1-1: Foul Ball, location: 2F
1-2: Foul Ball, location: 2F
1-2: Ball
2-2: Strikes out swinging
Batting: SHB Rafael Acosta 0-0: Ball
1-0: Swinging Strike
1-1: Ball
2-1: Ball
3-1: Base on Balls
Batting: RHB Mason Thompson 0-0: Called Strike
0-1: Foul Ball, location: 2F
0-2: SINGLE (Groundball, 6MD)
David Hernández scores
Rafael Acosta to second
Batting: LHB John Stone 0-0: SINGLE (Line Drive, 56D)
Rafael Acosta to third
Mason Thompson to second
Runner from 3rd tries for Home, SAFE, no throw or cutoff
Pitching: LHP Cliff Williams
Batting: LHB António Camacho 0-0: Ball
1-0: Foul Ball, location: 2F
1-1: Ball
2-1: Foul Ball, location: 2F
2-2: Strikes out swinging
Top of the 9th over - 2 run(s), 3 hit(s), 0 error(s), 2 left on base; Jasper 4 - Surrey 8
This league is powered by Out of the Park Baseball, the baseball management simulation game for PC, Mac and Linux
Tuesday, August 2nd, 2016 - OOTP Baseball 16.8 Build 38